 Dungeon Crawl Stone Soup version 0.30-a0-4-ga7cffc901d (webtiles) character file.

Game seed: 7614205188903438255

702 Newt the Ducker (level 7, -60/72 (81) HPs)
             Began as a Demonspawn Gladiator on Aug 21, 2022.
             Was a Follower of Wu Jian.
             Killed from afar by an ancient lich (66 damage)
             ... with a bolt of acid
             ... on level 1 of the Abyss.
             The game lasted 00:12:04 (5203 turns).

Newt the Ducker (Demonspawn Gladiator)              Turns: 5203, Time: 00:12:05

HP:   -60/72 (81)   AC: 23    Str: 20    XL:     7   Next: 38%
MP:   7/7           EV:  2    Int: 20    God:    Wu Jian [*.....]
Gold: 182           SH:  0    Dex: 12    Spells: 6/6 levels left

rFire   + . .      SeeInvis .    g - +0 flail (pain)
rCold   . . .      Faith    .    (no shield)
rNeg    . . .      Spirit   .    (body armour currently unavailable)
rPois   +          Reflect  .    (helmet currently unavailable)
rElec   .          Harm     .    (cloak currently unavailable)
rCorr   .          Rampage  .    (gloves currently unavailable)
Will    .....      NoTele   +    (boots currently unavailable)
Stlth   ++........               (no amulet)
HPRegen 0.22/turn                i - +6 ring of intelligence
MPRegen 0.10/turn                s - ring of protection from fire

@: mighty, agile, tree-form, heavily drained
A: stationary, stasis, torment immunity, boosted hp, (hooves 2), demonic
guardian 1, powered by pain 1, big brain 1, (beak), clever 1, strong 1
a: Renounce Religion


You were on level 1 of the Abyss.
You worshipped Wu Jian.
Wu Jian was aware of your devotion.
You were a tree.
You visited 1 branch of the dungeon, and saw 5 of its levels.
You visited the Abyss 1 time.

You collected 182 gold pieces.

Inventory:

Hand Weapons
 a - a +0 rapier
 g - a +0 flail of pain (weapon)
 y - a +3 dagger
Missiles
 e - a javelin (quivered)
 p - 31 stones
Armour
 b - a +0 leather armour
 c - a +0 helmet
 h - +0 pearl dragon scales (melded)
 n - a +2 pair of gloves (melded)
 v - a +2 helmet
Jewellery
 i - a +6 ring of intelligence (left branch)
 k - a ring of positive energy
 q - a ring of wizardry
 s - a ring of protection from fire (right branch)
 u - a ring of protection from fire
Wands
 x - a wand of mindburst (3)
Scrolls
 m - 2 scrolls of fear
 r - a scroll of blinking
 t - a scroll of noise
 z - a scroll of teleportation
 B - a scroll of fog {unknown}
 C - a scroll of brand weapon {unknown}
 D - a scroll of enchant weapon {unknown}
Potions
 d - a potion of heal wounds {unknown}
 f - 2 potions of flight
 l - a potion of attraction


   Skills:
 - Level 4.0 Fighting
 - Level 4.0 Short Blades
 + Level 4.2 Maces & Flails
 - Level 1.7 Throwing
 - Level 4.3 Dodging
 - Level 2.0 Stealth


You had 6 spell levels left.
You didn't know any spells.
Your spell library contained the following spells:

 Spells                   Type           Power      Damage    Failure   Level
 Ensorcelled Hibernation  Hex/Ice        0%         N/A       28%         2
 Passwall                 Tmut/Erth      0%         N/A       28%         2
 Sublimation of Blood     Necr           0%         N/A       28%         2
 Wereblood                Tmut           0%         N/A       28%         2
 Swiftness                Air            0%         N/A       50%         3
 Summon Hydra             Summ           0%         N/A       100%        7


Dungeon Overview and Level Annotations

Branches:
Dungeon (5/15)
 Temple: D:4-7

Altars:
Wu Jian

Annotations:
D:3 Grinder


Innate Abilities, Weirdness & Mutations

You are a tree.
Your roots penetrate the ground, keeping you stationary.
You cannot be teleported.
You are immune to unholy pain and torment.
Your maximum health is greatly increased.
Your equipment is partially melded.
((You have hoof-like feet.))
A weak demonic guardian rushes to your aid.
You sometimes gain a little power by taking damage.
You have an unusually large brain. (Int +2)
((You have a beak for a mouth.))
Your mind is acute. (Int +4, Str/Dex -1)
Your muscles are strong. (Str +4, Int/Dex -1)


Message History

You hear some strange, mumbled words.
Something tries to affect you, but you resist.
Something touches you but does no damage. x4
You hear some strange, mumbled words.
You turn to wood and can move again.
You feel better.
Something touches you but does no damage.
You feel better.
Something touches you but does no damage. x2
You feel better.
Something touches you but does no damage.
Unknown command.
You feel very mighty all of a sudden. Something touches you.
You hear some strange, mumbled words.
A crystal spear appears from out of thin air!
The crystal spear hits you!
Unknown command.
You cannot move.
You cannot move.
You cannot move.
You cannot move.
You cannot move.
You miss something.
Something touches you but does no damage.
You barely miss something. Something touches you!
A demonic guardian appears!
You feel drained. Something touches you.
* * * LOW HITPOINT WARNING * * *
You closely miss something. Something touches you!
* * * LOW HITPOINT WARNING * * *
You feel drained.
* * * LOW HITPOINT WARNING * * *
Your quasit barely misses something.
Your quasit completely misses something.
Your quasit closely misses something.
You hear some strange, mumbled words.
A bolt of acid appears from out of thin air!
The bolt of acid hits you!!!
Ouch! That really hurt!
You die...

#.L# .# .# # ..
.# ###..... ..#
#..... ....## #
...# .##.. # .
# #... #.. # #
# # 5##.### .#
##.#{...#. #.#
#...♣...#....##
#..#...#..#.##
### #. #.#...
.# . . . #.
#### .# ...##..
.. # .. #. # .
. #.# .... #...
#.#..#.# ..##
... .... ... #
...#... ..... .


You could see a friendly quasit (summoned).

Vanquished Creatures
  A bullfrog (D:5)
  A vampire bat (D:5)
  4 hounds
  Terence (D:1)
  Ijyb (D:3)
  An orc wizard (D:5)
  7 adders
  2 gnolls (D:5)
  A worm (D:1)
  2 dart slugs
  13 orcs
  7 ball pythons
  15 bats
  7 endoplasms
  4 giant cockroaches
  7 goblins
  7 hobgoblins
  A quokka (D:2)
  2 frilled lizards
  6 kobolds
  5 rats
95 creatures vanquished.

Vanquished Creatures (collateral kills)
  Sigmund (D:2)
  2 orc priests (D:5)
  3 orcs (D:5)
6 creatures vanquished.

Grand Total: 101 creatures vanquished

Notes
Turn   | Place    | Note
-------+----------+-------------------------------------------
     0 | D:1      | Newt the Demonspawn Gladiator began the quest for the Orb.
     0 | D:1      | Reached XP level 1. HP: 16/16 MP: 1/1
   120 | D:1      | Reached skill level 1 in Stealth
   316 | D:1      | Gained mutation: You have large cloven feet. [demonic
                  | ancestry]
   316 | D:1      | Reached XP level 2. HP: 21/22 MP: 2/2
   788 | D:1      | Gained mutation: A weak demonic guardian rushes to your
                  | aid. [demonic ancestry]
   788 | D:1      | Reached XP level 3. HP: 28/28 MP: 3/3
   838 | D:1      | Found a faded altar of an unknown god.
   838 | D:1      | Noticed a cacodemon
  1063 | D:2      | Noticed Terence
  1572 | D:1      | Killed Terence
  1573 | D:1      | Gained mutation: You sometimes gain a little power by
                  | taking damage. [demonic ancestry]
  1573 | D:1      | Reached XP level 4. HP: 16/37 MP: 4/4
  2017 | D:2      | Found an ornate altar of the Wu Jian Council.
  2047 | D:2      | Became a worshipper of the Wu Jian Council
  2484 | D:2      | Noticed Sigmund
  2493 | D:2      | Killed Sigmund
  2494 | D:2      | Gained mutation: You have an unusually large brain. (Int
                  | +2) [demonic ancestry]
  2494 | D:2      | Reached XP level 5. HP: 31/42 MP: 5/5
  3071 | D:3      | Reached XP level 6. HP: 48/48 MP: 6/6
  3075 | D:3      | Noticed Grinder
  3118 | D:3      | Paralysed by Grinder for 4 turns
  3319 | D:3      | Noticed Ijyb
  3532 | D:3      | Killed Ijyb
  4185 | D:5      | Entered Level 5 of the Dungeon
  4205 | D:4      | Reached skill level 1 in Maces & Flails
  4319 | D:5      | Reached XP level 7. HP: 35/54 MP: 7/7
  4708 | D:5      | Reached * piety under Wu Jian
  5142 | Abyss:1  | Cast into level 1 of the Abyss (gnoll)
  5172 | Abyss:1  | Noticed an ancient lich
  5178 | Abyss:1  | Gained mutation: You have hoof-like feet. [potion of
                  | mutation]
  5178 | Abyss:1  | Gained mutation: Your mind is acute. (Int +4, Str/Dex -1)
                  | [potion of mutation]
  5178 | Abyss:1  | Gained mutation: You have a beak for a mouth. [potion of
                  | mutation]
  5178 | Abyss:1  | Gained mutation: Your muscles are strong. (Str +4, Int/Dex
                  | -1) [potion of mutation]
  5203 | Abyss:1  | Killed from afar by an ancient lich

Illustrated notes

Levels and vault maps discovered:
D:1:      tarquinn_simple_flora_water_d, layout_basic,
          dreamdust_ecumenical_altar_sealed_demon, minmay_cupped
D:2:      layout_rooms, basic_altar, kennysheep_doodads, st_stairs_2,
          uniq_terence, uniq_sigmund
D:3:      layout_basic, uniq_ijyb, uniq_crazy_yiuf_cottage, uniq_grinder
D:4:      layout_cave_pools
D:5:      layout_rooms, nrook_pool_corridor, roderic_batcave
Abyss:1:  base:
Temple

Skill      XL: |  1  2  3  4  5  6  7 |
---------------+----------------------+-----
Stealth        | 1 2 |  2.0
Fighting       | 3 4 |  4.0
Short Blades   | 4 |  4.0
Dodging        | 3 4 |  4.3
Maces & Flails | 3 4 |  4.2
Throwing       | |  1.7

Action                   |  1- 3 |  4- 6 |  7- 9 || total
-------------------------+-------+-------+-------++-------
Melee: Rapier            |    95 |   150 |       ||   245
       Kick              |    21 |    50 |    19 ||    90
       Punch             |     1 |     2 |       ||     3
       Dagger            |       |    37 |       ||    37
       Flail             |       |       |    65 ||    65
Throw: Throwing net      |     3 |     2 |       ||     5
Invok: Lunge             |       |    10 |     3 ||    13
  Use: Scroll            |       |    14 |       ||    14
       Potion            |       |     1 |     6 ||     7
 Stab: Sleeping          |     3 |     2 |       ||     5
Armor: Leather armour    |    28 |     3 |       ||    31
       Pearl dragon scal |       |    64 |    67 ||   131
       Skin              |       |       |    10 ||    10
Dodge: Dodged            |    56 |   103 |    57 ||   216

Table legend: (Time is in decaauts)
 A = Elapsed time spent in this place.
 B = Non-inter-level travel time spent in this place.
 C = Inter-level travel time spent in this place.
 D = Time resting spent in this place.
 E = Time spent auto-exploring this place.
 F = Levels seen in this place.
 G = Mean time per level.
                   A        B        C        D        E       F      G
               +--------+--------+--------+--------+--------+-----+--------+
         Total |   5220 |   5062 |    158 |   1755 |   2168 |   6 |  870.0 |
       Dungeon |   5157 |   4999 |    158 |   1755 |   2168 |   5 | 1031.4 |
         Abyss |     62 |     62 |      0 |      0 |      0 |   1 |   62.0 |
               +--------+--------+--------+--------+--------+-----+--------+

Top non-repeatable levels by time:
     D:1: 1887 daAuts
     D:2: 957 daAuts
     D:5: 902 daAuts
     D:3: 824 daAuts
     D:4: 586 daAuts
 Abyss:1: 62 daAuts
